 Dungeon Crawl Stone Soup version 0.32-a0-163-g159c032 (webtiles) character file.

Game seed: 17521963783956085780

6087 Dorkslayer the Cleaver (level 10, -3/86 HPs)
             Began as a Hill Orc Fighter on Feb 11, 2024.
             Was a Believer of Okawaru.
             Slain by a warg (16 damage)
             ... on level 2 of the Orcish Mines.
             The game lasted 00:23:01 (8472 turns).

Dorkslayer the Cleaver (Hill Orc Fighter)           Turns: 8472, Time: 00:23:01

Health: -3/86      AC: 23    Str: 21    XL:     10   Next: 88%
Magic:  10/10      EV:  8    Int:  7    God:    Okawaru [**....]
Gold:   827        SH: 10    Dex: 13    Spells: 9/9 levels left

rFire   . . .        l - +0 broad axe
rCold   . . .        c - +0 buckler
rNeg    + + .        n - +0 plate armour
rPois   +            p - +0 helmet
rElec   .            s - +2 ratskin cloak {*Rats rPois rN+ Str-1 Int-1 Dex+1}
rCorr   +            y - +2 pair of gloves
SInv    .            (no boots)
Will    .....        F - amulet of reflection Stlth
                     o - ring of positive energy
HPRegen 0.34/turn    G - ring of resist corrosion
MPRegen 0.12/turn

%: reflection
@: no status effects
A: iridescent scales 1, wild magic 1, inability to read after injury 1
a: Renounce Religion, Heroism


You were on level 2 of the Orcish Mines.
You worshipped Okawaru.
Okawaru was pleased with you.
You visited 3 branches of the dungeon, and saw 12 of its levels.

You collected 827 gold pieces.

Inventory:

Hand Weapons
 a - a +0 war axe
 d - a +2 hand axe of flaming
 h - a +2 heavy flail
 l - a +0 broad axe (weapon)
Missiles
 b - 8 boomerangs
 z - a throwing net (quivered)
 E - 2 curare-tipped darts
 H - 3 javelins
Armour
 c - a +0 buckler (worn)
 n - a +0 plate armour (worn)
 p - a +0 helmet (worn)
 s - the +2 ratskin cloak (worn) {*Rats rPois rN+ Str-1 Int-1 Dex+1}
   (You found it on level 2 of the Dungeon)

   *Rats:     When the wearer is hurt, rats may emerge from it to assist them.
   Str-1:     It affects your strength (-1).
   Int-1:     It affects your intelligence (-1).
   Dex+1:     It affects your dexterity (+1).
   rPois:     It protects you from poison rN+: It protects you from negative
   energy.
 y - a +2 pair of gloves (worn)
Jewellery
 o - a ring of positive energy (left hand)
 F - an amulet of reflection (around neck)
 G - a ring of resist corrosion (right hand)
Wands
 f - a wand of polymorph (6)
 g - a wand of paralysis (1)
 v - a wand of roots (2)
 A - a wand of flame (41)
Scrolls
 q - 2 scrolls of fog
 t - 2 scrolls of immolation
 D - a scroll of teleportation
Potions
 e - a potion of enlightenment {unknown}
 i - a potion of invisibility {unknown}
 j - a potion of cancellation {unknown}
 k - a potion of brilliance
 m - 3 potions of curing
 r - a potion of resistance
 u - 4 potions of attraction
 w - 3 potions of ambrosia {unknown}
 x - 2 potions of magic {unknown}
 B - a potion of lignification {unknown}
 C - a potion of mutation


   Skills:
 + Level 7.5 Fighting
 + Level 12.5 Axes
 + Level 7.2 Armour
 * Level 5.6 Dodging
 + Level 1.6 Stealth
 + Level 5.5 Shields
 * Level 5.6 Evocations


You had 9 spell levels left.
You didn't know any spells.
Your spell library contained the following spells:

 Spells                   Type           Power      Damage    Failure   Level
 Sandblast                Erth           0%         2d4       100%        1
 Ensorcelled Hibernation  Hex/Ice        0%         N/A       100%        2
 Passwall                 Erth           0%         N/A       100%        3
 Stone Arrow              Conj/Erth      0%         3d7       100%        3
 Swiftness                Air            0%         N/A       100%        3
 Volatile Blastmotes      Fire/Tloc      0%         2d10      100%        3
 Brom's Barrelling Bould  Conj/Erth      0%         2d3       100%        4
 Fulminant Prism          Conj/Alch      0%         3d5       100%        4
 Iskenderun's Mystic Bla  Conj/Tloc      0%         2d3       100%        4


Dungeon Overview and Level Annotations

Branches:
Dungeon (9/15)             Temple (1/1) D:4             Orc (2/2) D:9
   Lair: D:8-11         Elf: Orc:2

Altars:
Ashenzari
Cheibriados
Dithmenos
Elyvilon
Fedhas
Gozag
Hepliaklqana
Kikubaaqudgha
Makhleb
Nemelex Xobeh
Okawaru
Qazlal
Ru
Sif Muna
Trog
Uskayaw
Vehumet
Wu Jian
Xom
Yredelemnul
Zin

Shops:
D:9 (


Innate Abilities, Weirdness & Mutations

You are partially covered in iridescent scales. (AC +2)
Your spells are a little harder to cast, but a little more powerful.
You occasionally lose the ability to read scrolls when taking damage.


Message History

Okawaru accepts your kill.
You hit the orc warrior.
The orc warrior is lightly wounded.
The orc warrior hits you with a +0 scimitar.
You hit the orc warrior.
The orc warrior is moderately wounded.
A warg comes into view.
The orc warrior barely misses you.
You hit the orc warrior.
The orc warrior is heavily wounded.
The orc warrior hits you with a +0 scimitar.
You slash the orc warrior!
The orc warrior is almost dead.
The orc warrior hits you but does no damage.
You hit the orc warrior.
The orc warrior is almost dead.
You hit the orc but do no damage. The orc hits you but does no damage.
You block the orc warrior's attack.
You hit the orc warrior.
You kill the orc warrior!
Okawaru accepts your kill.
You slash the orc!
You kill the orc!
Okawaru accepts your kill.
You miss the warg. The warg closely misses you. The warg bites you!
You hit the warg but do no damage. The warg bites you!
You barely miss the warg. The warg bites you.
The warg bites you but does no damage.
You closely miss the warg. You block the warg's attack.
You hit the warg but do no damage. The warg bites you.
You block the warg's attack.
You miss the warg. The warg bites you!
You closely miss the warg. The warg bites you!
* * * LOW HITPOINT WARNING * * *
The warg barely misses you.
You completely miss the warg.
The warg pauses to sniff the ground.
The warg closely misses you.
You barely miss the warg. You block the warg's attack. The warg bites you!
You die...

#.....# ### ###..##
####.###.....## ###
.##....#)))...# ###..#
..##....)<)...####.#...
..#.......).....#......
...................#
...................#
................@..#
................)h......
.......................#
........##.............#
.......###............#.
.......##...#..........#
.......###.#............
........###.............
.........#


You could see a warg.

Vanquished Creatures
  An orc knight (D:9)
  An orc sorcerer (Orc:2)
  Grinder (D:4)
  A shadow (D:5)
  A wraith (D:9)
  2 wargs (D:9)
  Menkaure (D:4)
  2 water moccasins (D:7)
  2 ice beasts
  3 orc warriors
  A sky beast (D:7)
  A black bear (D:6)
  2 ogres (D:9)
  2 centaurs
  4 kobold brigands
  2 bullfrogs
  7 scorpions
  3 wights (D:7)
  14 killer bees
  An electric eel (D:7)
  3 howler monkeys (D:7)
  A bombardier beetle (D:5)
  4 hounds
  A gnoll bouda (D:6)
  12 orc priests
  5 iguanas
  7 orc wizards
  Robin (D:2)
  13 gnolls
  An adder (D:5)
  A white imp (D:7)
  2 ufetubi (D:6)
  3 dart slugs
  39 orcs
  5 bats
  8 endoplasms
  3 giant cockroaches
  10 goblins
  8 hobgoblins
  2 jackals (D:2)
  A quokka (D:4)
  9 ball pythons
  5 frilled lizards
  23 kobolds
  6 rats
225 creatures vanquished.

Vanquished Creatures (collateral kills)
  Duvessa (D:4)
  A gnoll sergeant (D:5)
  Dowan (D:4)
  A killer bee (D:7)
  An electric eel (D:7)
  A bombardier beetle (D:3)
  An orc wizard (D:6)
  2 gnolls (D:5)
  4 orcs
  3 jackals (D:4)
16 creatures vanquished.

Vanquished Creatures (others)
  An orc (D:7)
1 creature vanquished.

Grand Total: 242 creatures vanquished

Notes
Turn   | Place    | Note
-------+----------+-------------------------------------------
     0 | D:1      | Dorkslayer the Hill Orc Fighter began the quest for the
                  | Orb.
     0 | D:1      | Reached XP level 1. HP: 19/19 MP: 1/1
    80 | D:1      | Reached XP level 2. HP: 26/27 MP: 2/2
   724 | D:2      | Reached skill level 3 in Axes
   773 | D:2      | Reached XP level 3. HP: 31/33 MP: 3/3
   831 | D:2      | Noticed Robin
   847 | D:2      | Killed Robin
   848 | D:2      | Reached skill level 1 in Dodging
  1022 | D:2      | Reached XP level 4. HP: 38/40 MP: 4/4
  1065 | D:2      | Found the +2 ratskin cloak {*Rats rPois rN+ Str-1 Int-1
                  | Dex+1}
  1415 | D:3      | Reached skill level 4 in Axes
  1641 | D:3      | Found a faded altar of an unknown god.
  1926 | D:3      | Found a blossoming altar of Fedhas.
  1958 | D:3      | Found a shimmering blue altar of Sif Muna.
  2220 | D:4      | Reached XP level 5. HP: 46/46 MP: 5/5
  2241 | D:4      | Found a hide-covered altar of Uskayaw.
  2299 | D:4      | Noticed Grinder
  2304 | D:4      | Paralysed by Grinder for 5 turns
  2328 | D:4      | Paralysed by Grinder for 4 turns
  2336 | D:4      | Noticed Menkaure
  2339 | D:4      | Paralysed by Grinder for 4 turns
  2350 | D:4      | Reached skill level 5 in Axes
  2351 | D:4      | Killed Menkaure
  2352 | D:4      | Reached XP level 6. HP: 25/53 MP: 6/6
  2352 | D:4      | Paralysed by Grinder for 5 turns
  2357 | D:4      | Killed Grinder
  2358 | D:4      | Reached skill level 6 in Axes
  2358 | D:4      | Reached XP level 7. HP: 28/60 MP: 7/7
  2387 | D:4      | Found a hazy altar of Hepliaklqana.
  2414 | D:4      | Noticed Duvessa
  2415 | D:4      | Noticed Dowan
  2424 | D:4      | Killed Duvessa
  2425 | D:4      | Reached skill level 7 in Axes
  2425 | D:4      | Reached skill level 1 in Stealth
  2427 | D:4      | Killed Dowan
  2824 | D:4      | Found a staircase to the Ecumenical Temple.
  2833 | Temple   | Entered the Ecumenical Temple
  2925 | D:5      | Entered Level 5 of the Dungeon
  3150 | D:5      | Reached XP level 8. HP: 66/67 MP: 8/8
  3321 | D:5      | Reached skill level 5 in Armour
  3344 | D:5      | Reached skill level 5 in Fighting
  3349 | D:5      | Reached skill level 8 in Axes
  3355 | D:5      | Reached skill level 1 in Evocations
  3602 | D:5      | Noticed a shadow
  3611 | D:5      | Killed a shadow
  3961 | D:5      | Found a shimmering altar of Xom.
  3967 | D:5      | Found a snail-covered altar of Cheibriados.
  3967 | D:5      | Found an opulent altar of Gozag.
  4089 | D:6      | Gained mutation: You are partially covered in iridescent
                  | scales. (AC +2) [potion of mutation]
  4089 | D:6      | Gained mutation: You occasionally lose the ability to read
                  | scrolls when taking damage. [potion of mutation]
  4089 | D:6      | Gained mutation: Your spells are a little harder to cast,
                  | but a little more powerful. [potion of mutation]
  4180 | D:6      | Reached skill level 9 in Axes
  4456 | D:6      | Reached XP level 9. HP: 71/74 MP: 9/9
  4662 | D:6      | Identified the +1 robe "Waronn" {*Corrode rPois rN+ Int+3}
  4685 | D:6      | Reached skill level 10 in Axes
  5445 | D:7      | Reached skill level 11 in Axes
  5656 | D:7      | Found a stormy altar of Qazlal.
  5659 | D:7      | Found an iron altar of Okawaru.
  5667 | D:7      | Reached XP level 10. HP: 32/84 MP: 10/10
  5848 | D:7      | Became a worshipper of Warmaster Okawaru
  6667 | D:9      | Reached skill level 5 in Shields
  6668 | D:9      | Reached skill level 5 in Dodging
  6698 | D:9      | Reached * piety under Okawaru
  6931 | D:9      | Found a staircase to the Orcish Mines.
  7068 | D:9      | Reached skill level 5 in Evocations
  7253 | D:9      | Found Kefidewa's Weapon Shoppe.
  7658 | D:9      | Found a shadowy altar of Dithmenos.
  7767 | Orc:1    | Entered Level 1 of the Orcish Mines
  7770 | Orc:1    | Noticed an orc knight
  7839 | D:9      | Reached skill level 12 in Axes
  7992 | D:9      | Killed an orc knight
  8182 | Orc:2    | Entered Level 2 of the Orcish Mines
  8342 | Orc:1    | Noticed an orc sorcerer
  8344 | Orc:1    | Paralysed by an orc sorcerer for 4 turns
  8347 | Orc:1    | Noticed an orange demon
  8348 | Orc:1    | Noticed a two-headed ogre
  8350 | Orc:2    | Reached ** piety under Okawaru
  8359 | Orc:2    | Killed an orc sorcerer
  8472 | Orc:2    | Slain by a warg

Illustrated notes

Levels and vault maps discovered:
D:1:      lemuel_arrival_river_ford, layout_basic, reono_crystal_passage,
          amcnicky_mini_pool_small
D:2:      layout_basic, small_statue_intersection, kennysheep_boxes, uniq_robin
D:3:      layout_basic, mainiacjoe_overflow_two_lobes,
          ebering_ecumenical_altar_ruins
D:4:      layout_rooms, mainiacjoe_overflow_surrounded_room,
          nicolae_hepliaklqana_hazy_memory, minmay_temple_entry_poolview,
          uniq_duvessa, uniq_menkaure, uniq_grinder
D:5:      layout_loops_ring, minitemple, kennysheep_nub, kennysheep_cross_room,
          grunt_ministairs_13, hangedman_decor_opposing, st_stairs_4,
          kennysheep_generic_room_11
D:6:      layout_loops_cross, minmay_liquid_box
D:7:      layout_rooms, nicolae_overflow_squiral
D:8:      layout_rooms
D:9:      layout_irregular_city, grunt_dithmenos_smoke_and_mirrors, erik_orc_4,
          serial_shops, nicolae_shop_hallway_plus
Temple:   chequers_temple_sunken
Orc:1:    layout_caves
Orc:2:    st_orc_pillars, layout_diamond_mine, basic_altar, nicolae_shop_gadgets

Skill      XL: |  1  2  3  4  5  6  7  8  9 10 |
---------------+-------------------------------+-----
Fighting       | 4 5 6 7 |  7.5
Axes           | 3 4 5 6 7 9 11 12 | 12.5
Dodging        | 1 2 3 4 5 |  5.6
Armour         | 4 5 6 7 |  7.2
Stealth        | 1 |  1.6
Shields        | 4 5 |  5.5
Evocations     | 2 4 5 |  5.6

Action                     |  1- 3 |  4- 6 |  7- 9 | 10-12 || total
---------------------------+-------+-------+-------+-------++-------
  Melee: War axe           |    85 |    55 |   198 |       ||   338
         Unarmed           |       |       |     2 |       ||     2
         Broad axe         |       |       |   102 |   305 ||   407
  Throw: Throwing net      |       |       |     2 |       ||     2
  Evoke: Wand              |       |       |     3 |     6 ||     9
    Use: Potion            |       |     1 |     5 |     2 ||     8
         Scroll            |       |       |    15 |     1 ||    16
   Stab: Distracted        |       |     1 |       |       ||     1
 Armour: Scale mail        |    73 |    47 |       |       ||   120
         Chain mail        |       |       |   254 |       ||   254
         Plate armour      |       |       |   141 |   253 ||   394
  Dodge: Dodged            |    54 |    27 |   180 |   100 ||   361
  Block: Buckler           |    18 |     7 |    85 |   117 ||   227
         Reflection        |       |       |       |     5 ||     5

Table legend: (Time is in decaauts)
 A = Elapsed time spent in this place.
 B = Non-inter-level travel time spent in this place.
 C = Inter-level travel time spent in this place.
 D = Time resting spent in this place.
 E = Time spent auto-exploring this place.
 F = Levels seen in this place.
 G = Mean time per level.
                   A        B        C        D        E       F      G
               +--------+--------+--------+--------+--------+-----+--------+
         Total |   8602 |   8602 |      0 |    307 |   4684 |  12 |  716.8 |
       Dungeon |   8162 |   8162 |      0 |    307 |   4521 |   9 |  906.9 |
        Temple |     60 |     60 |      0 |      0 |      0 |   1 |   60.0 |
  Orcish Mines |    379 |    379 |      0 |      0 |    163 |   2 |  189.5 |
               +--------+--------+--------+--------+--------+-----+--------+

Top non-repeatable levels by time:
     D:9: 1485 daAuts
     D:5: 1124 daAuts
     D:7: 1059 daAuts
     D:6: 888 daAuts
     D:3: 813 daAuts
     D:2: 740 daAuts
     D:1: 695 daAuts
     D:4: 686 daAuts
     D:8: 667 daAuts
   Orc:2: 283 daAuts
   Orc:1: 95 daAuts
  Temple: 60 daAuts
